Map: Divergencia EE

Players

Nvugegg

  • Race: Terran Terran
  • Spawn Location: 5:00

Gotti

  • Race: Terran Terran
  • League: Diamond
  • Spawn Location: 5:00

MrFercho

  • Race: Zerg Zerg
  • League: Gold
  • Spawn Location: 11:00

TATORREA

  • Race: Protoss Protoss
  • League: Gold
  • Spawn Location: 11:00

VOD

Have the link to the VOD?

Description

Time

  • Played on: July 28, 2020, 8:03 p.m.
  • Length: 6:37
Show
View Real Time Build Order
Export as new Build Order

Nvugegg Terran 

Build Orders:  

Get SALT Encoding   

  12  0:00  SCV  
  13  0:12  SCV  
  14  0:25  SCV  
  14  0:26  Supply Depot  
  15  0:48  SCV  
  15  0:49  Barracks  
  16  0:52  Refinery  
  16  1:00  SCV  
  17  1:12  SCV  
  18  1:18  Refinery  
  18  1:24  SCV  
  19  1:36  Orbital Command  
  19  1:50  Factory  
  19  1:53  Supply Depot  
  19  1:59  Barracks Tech Lab  
  19  2:02  SCV  
  20  2:15  SCV  
  21  2:27  SCV  
  21  2:29  Supply Depot  
  22  2:34  Starport  
  22  2:40  Barracks Tech Lab  
  22  2:41  SCV  
  23  2:48  Starport  
  23  2:51  Supply Depot  
  23  2:56  Factory Tech Lab  
  23  3:04  SCV  
  24  3:08  Barracks Tech Lab  
  24  3:16  Fusion Core  
  24  3:17  SCV  
  25  3:32  Command Center  
  25  3:38  Supply Depot, SCV  
  26  3:50  SCV  
  27  4:03  Battlecruiser  
  33  4:14  Battlecruiser  
  39  4:27  Weapon Refit  
  39  4:44  Stimpack  
  39  4:45  Orbital Command  
  39  5:01  Marauder  
  39  5:02  Siege Tank  
  44  5:07  Battlecruiser  
Show
View Real Time Build Order
Export as new Build Order

Gotti Terran 

Build Orders:  

Get SALT Encoding   

  12  0:00  SCV  
  13  0:12  SCV  
  14  0:17  Supply Depot  
  14  0:24  SCV  
  15  0:39  SCV  
  15  0:41  Barracks  
  16  0:49  Supply Depot  
  16  0:51  SCV  
  17  0:58  Refinery  
  17  1:03  SCV  
  18  1:16  SCV  
  19  1:28  Marine  
  19  1:31  Orbital Command  
  20  1:37  Refinery  
  20  1:45  Marine  
  21  1:57  SCV  
  22  2:04  Marine  
  23  2:13  Command Center  
  23  2:21  Bunker  
  23  2:26  SCV  
  23  2:29  Marine, Engineering Bay  
  25  2:54  Barracks  
  25  2:55  SCV  
  26  3:05  Marine  
  26  3:07  SCV  
  28  3:23  Marine  
  28  3:26  Supply Depot  
  29  3:31  Planetary Fortress  
  29  3:35  Refinery  
  29  3:38  SCV  
  31  3:48  Barracks  
  31  3:52  SCV, Refinery  
  31  3:56  Barracks Tech Lab  
  31  3:59  Marine  
  32  4:05  SCV  
  33  4:17  Marine, SCV  
  33  4:22  SCV  
  36  4:29  Marine  
  36  4:30  SCV  
  38  4:32  Stimpack  
  38  4:34  SCV  
  39  4:39  Marine  
  39  4:41  Barracks Reactor  
  39  4:42  SCV  
  41  4:51  SCV  
  42  5:00  SCV  
  42  5:03  Marine  
  42  5:04  Marine  
  45  5:11  Supply Depot  
  45  5:19  Marine  
  46  5:21  Marine x2  
  46  5:22  SCV  
  46  5:24  SCV  
  50  5:31  Marine  
  50  5:34  SCV  
  52  5:36  Marine, SCV  
  52  5:39  Marine  
  55  5:46  SCV  
  55  5:48  SCV  
  57  5:54  Marine  
  57  5:55  Marine x2  
  60  6:01  Marine  
  59  6:12  Marine x2  
  59  6:13  Marine  
  62  6:26  Command Center  
Show
View Real Time Build Order
Export as new Build Order

MrFercho Zerg 

Build Orders: Hatch First 

Get SALT Encoding   

  12  0:05  Drone  
  13  0:13  Overlord  
  13  0:17  Drone  
  14  0:32  Drone x2  
  16  0:53  Hatchery  
  16  0:54  Drone  
  16  0:57  Drone  
  16  1:00  Drone  
  18  1:11  Extractor  
  18  1:17  Spawning Pool  
  16  1:19  Drone  
  16  1:22  Drone  
  18  1:31  Drone  
  19  1:45  Drone  
  20  1:52  Overlord  
  20  2:04  Drone  
  20  2:06  Queen x2  
  25  2:08  Zergling x2  
  26  2:17  Zergling x2  
  27  2:25  Drone x2  
  29  2:36  Drone x2  
  31  2:37  Drone  
  32  2:48  Metabolic Boost  
  32  2:52  Overlord, Drone  
  32  2:54  Queen  
  35  3:03  Drone  
  36  3:05  Overlord  
  36  3:16  Drone x2  
  38  3:21  Lair  
  38  3:24  Drone x2  
  38  3:25  Drone x4  
  44  3:37  Drone x2  
  46  3:47  Extractor  
  45  3:52  Roach Warren  
  44  3:56  Overlord x2  
  44  3:59  Drone x3  
  47  4:02  Extractor  
  46  4:30  Evolution Chamber, Drone x3  
  46  4:31  Drone  
  49  4:33  Glial Reconstitution  
  49  4:44  Overlord  
  49  4:48  Roach x5  
  49  4:49  Overlord x2  
  59  4:54  Drone  
  60  5:27  Spore Crawler  
  48  5:36  Ravager x3  
  48  5:37  Hatchery  
  27  6:20  Hydralisk Den  
  27  6:23  Drone x14  
Show
View Real Time Build Order
Export as new Build Order

TATORREA Protoss 

Build Orders:  

Get SALT Encoding   

  12  0:03  Probe  
  13  0:15  Probe  
  14  0:23  Pylon  
  14  0:27  Probe  
  15  0:41  Probe  
  16  0:49  Gateway  
  16  1:06  Probe (Chrono Boost)  
  16  1:10  Assimilator  
  17  1:13  Pylon  
  17  1:17  Pylon  
  17  1:18  Probe (Chrono Boost)  
  18  1:25  Probe (Chrono Boost)  
  19  1:36  Probe  
  20  1:50  Gateway  
  20  1:52  Gateway  
  20  1:55  Gateway  
  20  2:03  Probe (Chrono Boost), Cybernetics Core  
  21  2:15  Assimilator, Probe (Chrono Boost)  
  22  2:20  Probe (Chrono Boost)  
  23  2:37  Nexus  
  23  2:49  Twilight Council  
  23  2:51  Warp Gate  
  23  2:53  Probe  
  24  3:12  Probe (Chrono Boost)  
  25  3:18  Stalker x2  
  29  3:23  Probe (Chrono Boost)  
  29  3:25  Stalker  
  32  3:30  Probe  
  33  3:38  Stalker  
  35  3:42  Probe  
  36  3:49  Probe  
  36  3:54  Probe  
  38  4:01  Probe  
  39  4:06  Probe  
  39  4:08  Charge (Chrono Boost)  
  40  4:14  Probe  
  41  4:21  Forge  
  41  4:24  Robotics Facility  
  41  4:25  Probe  
  41  4:26  Probe  
  43  4:37  Assimilator, Probe  
  43  4:38  Probe  
  45  4:42  Assimilator  
  45  4:45  Zealot x2  
  47  4:46  Zealot  
  47  4:50  Probe x2  
  53  5:05  Pylon  
  53  5:06  Probe  
  54  5:08  Pylon  
  54  5:13  Pylon  
  54  5:23  Probe  
  55  5:31  Stalker x2  
  55  5:32  Stalker x2  
  55  5:56  Stalker  
  55  5:57  Stalker x3  
  49  6:24  Stalker x3  
  49  6:25  Stalker  
Tags
 
Add a new tag
Caveats
  • Supply blocks, unpowered buildings, or Contaminate may cause inaccurate times.
  • Supply counts are checked every 10 seconds.